 Dungeon Crawl Stone Soup version 0.29.1-1-gd02db6906a (webtiles) character file.

Game seed: 14748234832267616997

423770 KamiKatze the Sorcerer (level 23, -1/149 (153) HPs)
             Began as an Octopode Conjurer on Sept 27, 2022.
             Was the Champion of Vehumet.
             Killed by an exploding ball lightning (11 damage)
             ... on level 1 of the Depths on Sept 28, 2022.
             The game lasted 04:58:53 (54739 turns).

KamiKatze the Sorcerer (Octopode Conjurer)         Turns: 54739, Time: 04:58:53

HP:   -1/149 (153)  AC:  7    Str:  6    XL:     23   Next: 76%
MP:   16/48         EV: 23    Int: 41    God:    Vehumet [******]
Gold: 5444          SH:  9    Dex: 20    Spells: 6/64 levels left

rFire   . . .      SeeInvis +   e - staff of air
rCold   . . .      Faith    .   Y - +3 buckler "Jurr" {Will+}
rNeg    . . .      Spirit   .   r - +2 hat
rPois   +          Reflect  .   z - amulet of magic regeneration
rElec   +          Harm     .   q - +6 ring of intelligence
rCorr   +          Rampage  .   K - +4 ring of protection
Will    +++..                   h - ring "Isymoavo" {rPois Will+ Dex+3}
Stlth   ++++++....              Z - ring of see invisible
HPRegen 0.34/turn               N - ring "Losial" {rPois rCorr Dex+4}
MPRegen 0.71/turn               d - +4 ring of evasion
                                D - +6 ring of intelligence
                                g - ring of wizardry

@: slowed, studying 2 skills, lightly drained, very slow
A: almost no armour, amphibious, 8 rings, camouflage 1, gelatinous body 1,
(nimble swimmer 1), tentacles
}: 2/15 runes: decaying, gossamer
a: Renounce Religion


You were on level 1 of the Depths.
You worshipped Vehumet.
Vehumet was exalted by your worship.
You visited 9 branches of the dungeon, and saw 40 of its levels.
You also visited: Bailey and Gauntlet.

You collected 6146 gold pieces.
You spent 702 gold pieces at shops.

Inventory:

Hand Weapons
 a - the +6 flail "Gateruze" {holy, Will++}
   (You found it in a bailey)

   It has been blessed by the Shining One to cause great damage to the undead
   and demons.
   Will:      It greatly increases your willpower.
 b - the +6 short sword of Courage {freeze, Will+ Str+8 Int+5}
   (You bought it in a shop on level 2 of the Orcish Mines)

   It freezes those it strikes, dealing additional cold damage.
   It can also slow down cold-blooded creatures.
   Str:       It affects your strength (+8).
   Int:       It affects your intelligence (+5).
   Will:      It increases your willpower.
Missiles
 G - a throwing net
Armour
 r - a +2 hat (worn)
 Y - the +3 buckler "Jurr" (worn) {Will+}
   (You found it in a Gauntlet)

   Will:      It increases your willpower.
Magical Staves
 c - a staff of conjuration
 e - a staff of air (weapon)
 f - a staff of fire
 i - a staff of cold
Jewellery
 d - a +4 ring of evasion (on tentacle)
 g - a ring of wizardry (on tentacle)
 h - the ring "Isymoavo" (on tentacle) {rPois Will+ Dex+3}
   (You took it off a deep elf pyromancer on level 3 of the Elven Halls)

   [ring of poison resistance]

   Dex:       It affects your dexterity (+3).
   rPois:     It protects you from poison.
   Will:      It increases your willpower.
 q - a +6 ring of intelligence (left tentacle)
 v - the ring of Ucsiadd {Will+ MP+9 Str-4 Dex+4 Slay+3}
   (You took it off a deep elf blademaster on level 3 of the Elven Halls)

   [ring of magical power]

   Str:       It affects your strength (-4).
   Dex:       It affects your dexterity (+4).
   Slay:      It affects your accuracy & damage with ranged weapons and melee
   (+3).
   MP:        It affects your magic capacity (+9).
   Will:      It increases your willpower.
 y - a ring of flight
 z - an amulet of magic regeneration (around mantle)
 D - a +6 ring of intelligence (on tentacle)
 H - a +4 ring of evasion
 K - a +4 ring of protection (right tentacle)
 N - the ring "Losial" (on tentacle) {rPois rCorr Dex+4}
   (You took it off a deep elf pyromancer on level 3 of the Elven Halls)

   [ring of resist corrosion]

   Dex:       It affects your dexterity (+4).
   rPois:     It protects you from poison.
   rCorr:     It protects you from acid and corrosion.
 R - a ring of willpower
 X - a +6 ring of strength
 Z - a ring of see invisible (on tentacle)
Wands
 p - a wand of iceblast (47)
 L - a wand of light (14)
 P - a wand of mindburst (10)
 V - a wand of flame (25)
Scrolls
 n - 4 scrolls of amnesia
 B - 6 scrolls of fog
 C - 5 scrolls of summoning
 I - 2 scrolls of magic mapping
 J - 3 scrolls of poison
 M - a scroll of silence
 O - 6 scrolls of fear
 U - 12 scrolls of teleportation
 W - 3 scrolls of blinking
Potions
 j - 4 potions of ambrosia
 k - 16 potions of curing
 l - 10 potions of haste
 m - 4 potions of might
 o - 12 potions of heal wounds
 s - 10 potions of flight
 t - 6 potions of lignification
 u - 5 potions of attraction
 w - a potion of berserk rage
 x - 10 potions of mutation
 A - 9 potions of brilliance
 E - 7 potions of magic
 Q - 4 potions of cancellation
 S - 4 potions of resistance
 T - 2 potions of invisibility
Miscellaneous
 F - a phantom mirror (quivered)


   Skills:
 - Level 12.0 Fighting
 - Level 10.0 Dodging
 - Level 12.0 Stealth
 - Level 5.0 Shields
 + Level 21.0 Spellcasting
 - Level 15.0 Conjurations
 - Level 10.0 Hexes
 - Level 10.0 Translocations
 - Level 3.0 Transmutations
 - Level 9.0 Fire Magic
 + Level 14.4 Air Magic
 + Level 14.5 Earth Magic
 - Level 3.0 Poison Magic
 - Level 2.0 Evocations


You had 6 spell levels left.
You knew the following spells:

 Your Spells              Type           Power      Damage    Failure   Level
a - Magic Dart            Conj           100%       1d8       0%          1
b - Searing Ray           Conj           100%       2d8       0%          2
c - Fulminant Prism       Conj/Hex       49%        3d21      1%          4
d - Iskenderun's Mystic   Conj/Tloc      98%        2d19      1%          4
e - Fireball              Conj/Fire      48%        3d19      1%          5
f - Irradiate             Conj/Tmut      43%        3d26      1%          5
g - Lee's Rapid Deconstr  Erth           52%        3d25*     1%          5
h - Iron Shot             Conj/Erth      52%        9d10      1%          6
j - Chain Lightning       Conj/Air       64%        3d85      17%         9
m - Mephitic Cloud        Conj/Pois/Air  100%       N/A       1%          3
s - Maxwell's Capacitive  Air            63%        ∞         1%          8
x - Conjure Ball Lightni  Conj/Air       64%        3x3d23    1%          6

Your spell library contained the following spells:

 Spells                   Type           Power      Damage    Failure   Level
 Ignition                 Fire           43%        3d12      12%         8
 Apportation              Tloc           100%       N/A       0%          1
 Sandblast                Erth           100%       2d20      0%          1
 Shock                    Conj/Air       100%       1d9       0%          1
 Slow                     Hex            100%       N/A       0%          1
 Static Discharge         Conj/Air       100%       3-16/arc  0%          2
 Dazzling Flash           Conj/Hex       100%       N/A       0%          3
 Stone Arrow              Conj/Erth      100%       3d13      0%          3
 Swiftness                Air            100%       N/A       0%          3
 Airstrike                Air            63%        2d(10-26) 0%          4
 Necrotise                Necr           100%       1d9       1%          1
 Sting                    Tmut/Pois      100%       1d8       1%          1
 Summon Small Mammal      Summ           100%       N/A       1%          1
 Call Imp                 Summ           43%        N/A       1%          2
 Passwall                 Tmut/Erth      71%        N/A       1%          2
 Poisonous Vapours        Pois/Air       100%       N/A       1%          2
 Confusing Touch          Hex            90%        N/A       1%          3
 Gell's Gravitas          Tloc           90%        N/A       1%          3
 Inner Flame              Hex/Fire       88%        N/A       1%          3
 Lesser Beckoning         Tloc           90%        N/A       1%          3
 Ozocubu's Armour         Ice            43%        N/A       1%          3
 Portal Projectile        Hex/Tloc       100%       N/A       1%          3
 Spider Form              Tmut/Pois      61%        N/A       1%          3
 Teleport Other           Tloc           90%        N/A       1%          3
 Tukima's Dance           Hex            90%        N/A       1%          3
 Vampiric Draining        Necr           43%        2d9       1%          3
 Anguish                  Hex/Necr       35%        N/A       1%          4
 Cause Fear               Hex            45%        N/A       1%          4
 Corpse Rot               Necr/Pois/Air  94%        N/A       1%          4
 Hailstorm                Conj/Ice       81%        3d16      1%          4
 Ice Form                 Ice/Tmut       53%        N/A       1%          4
 Olgreb's Toxic Radiance  Pois           61%        N/A       1%          4
 Passage of Golubria      Tloc           90%        N/A       1%          4
 Petrify                  Tmut/Erth      86%        N/A       1%          4
 Freezing Cloud           Conj/Ice/Air   55%        6-21      1%          5
 Iskenderun's Battlesphe  Conj           100%       2d15      1%          5
 Lightning Bolt           Conj/Air       64%        1d87      1%          5
 Metabolic Englaciation   Hex/Ice        35%        N/A       1%          5
 Summon Forest            Summ/Tloc      35%        N/A       1%          5
 Summon Mana Viper        Hex/Summ       71%        N/A       1%          5
 Yara's Violent Unravell  Hex/Tmut       38%        3d15      1%          5
 Dispersal                Tloc           45%        N/A       1%          6
 Starburst                Conj/Fire      48%        6d13      1%          6
 Statue Form              Tmut/Erth      57%        N/A       1%          6
 Alistair's Intoxication  Tmut/Pois      40%        N/A       2%          5
 Blade Hands              Tmut           30%        N/A       2%          5
 Agony                    Necr           43%        N/A       8%          5
 Simulacrum               Ice/Necr       21%        N/A       38%         6
 Summon Cactus Giant      Summ           21%        N/A       38%         6
 Lehudib's Crystal Spear  Conj/Erth      52%        10d12     1%          8
 Spellforged Servitor     Conj/Summ      40%        N/A       3%          7
 Enfeeble                 Hex            45%        N/A       4%          7
 Shatter                  Erth           52%        3d39*     19%         9
 Discord                  Hex            45%        N/A       28%         8
 Disjunction              Tloc           45%        N/A       28%         8
 Fire Storm               Conj/Fire      48%        8d12      41%         9
 Ozocubu's Refrigeration  Ice            21%        4d12      45%         7
 Dragon Form              Tmut           30%        N/A       52%         7
 Polar Vortex             Ice            21%        N/A       100%        9
 Animate Armour           Summ/Erth      Unusable   N/A       N/A         4

Dungeon Overview and Level Annotations

Branches:
Dungeon (15/15)            Temple (1/1) D:7            Lair (5/5) D:8
  Swamp (4/4) Lair:2       Spider (4/4) Lair:2        Slime (0/5) Lair:4
    Orc (2/2) D:12            Elf (3/3) Orc:2        Vaults (4/5) D:14
  Crypt (0/3) Vaults:3     Depths (2/4) D:15         Bailey (visited)
Gauntlet (visited)

Altars:
Ashenzari
Cheibriados
Dithmenos
Elyvilon
Fedhas
Gozag
Hepliaklqana
Kikubaaqudgha
Makhleb
Nemelex Xobeh
Okawaru
Qazlal
Ru
Sif Muna
Trog
Uskayaw
Vehumet
Wu Jian
Xom
Yredelemnul
Zin
The Shining One
Jiyva

Shops:
D:10 (   Orc:2 **([   Elf:3 (   Vaults:1 *(   Vaults:3 (   Vaults:4 (
Depths:1 [

Portals:
Hell: Depths:1
Trove: Vaults:4 (give 16 potions of curing)

Annotations:
D:8 dig for level
Spider:2 1 exclusion
Spider:3 1 runed translucent door, exclusion: door, iishen's ghost, adept CeHu
Elf:2 3 runed translucent doors, exclusion: 3 doors
Elf:3 3 runed translucent doors, exclusion: 3 doors, kwasso's ghost, adept VSFi
Depths:2 Grunn


Innate Abilities, Weirdness & Mutations

You cannot wear most types of armour.
You are amphibious.
You can wear up to eight rings at the same time.
Your skin changes colour to match your surroundings (Stealth+).
Your rubbery body absorbs attacks. (AC +1, EV +1)
((You are camouflaged when in or above water. (Stealth+)))
You have tentacles for arms and can constrict up to eight enemies at once.


Message History

You feel much better.
Casting: Iskenderun's Mystic Blast (safe; 1% risk of failure)
Confirm with . or Enter, or press ? or * to list all spells.
You erupt in a blast of force!
The mystic blast hits the Tzitzimitl!
The Tzitzimitl is heavily wounded.
The mystic blast hits the putrid mouth!!
The putrid mouth is severely damaged.
The putrid mouth is knocked back by the mystic blast.
The mystic blast hits the bone dragon!!
The bone dragon is almost destroyed.
The infernal howling subsides.
The bone dragon closely misses you. The bone dragon misses you.
The bone dragon barely misses you. The Tzitzimitl gestures at you.
The bolt of negative energy hits you!
You feel drained.
* * * LOW HITPOINT WARNING * * *
Unknown command.
Casting: Iskenderun's Mystic Blast (safe; 1% risk of failure)
Confirm with . or Enter, or press ? or * to list all spells.
You feel a surge of power!
You create some ball lightning! 3 ball lightnings come into view.
The putrid mouth throws miasma at you. The foul vapour misses you.
The bone dragon bites you!!
* * * LOW HITPOINT WARNING * * *
The bone dragon claws you!
* * * LOW HITPOINT WARNING * * *
The bone dragon tramples you.
* * * LOW HITPOINT WARNING * * *
You hold your ground!
You are engulfed in dark miasma.
You feel yourself slow down.
* * * LOW HITPOINT WARNING * * *
Your ball lightning explodes!
The blast of lightning engulfs the bone dragon!
The bone dragon resists.
The bone dragon is almost destroyed.
The blast of lightning engulfs the Tzitzimitl!
The Tzitzimitl resists.
The Tzitzimitl is heavily wounded.
The blast of lightning engulfs you! You resist.
You die...

.....#....##........######...###
....###....#.~~≈~~~.........####
....#.........~~~........#..#~~♣#
....#...................##...PP♣~
..............#....#######....~~~
..............#...##### #....~≈≈
.........≈~~..#....##.## #...~~~P
.........~≈~..○.○......# #...~~~♣
.........~~≈~.1○@......# ####~~♣#
..........~~~.D○*#.#..## ####
..............○○○.#####
.............*.○#####
...............W##..##
.~~~~........#####...#
......≈~.....# #...#
......~≈.....#####...###
......≈~~..............#


You could see a bone dragon (ally target), a Tzitzimitl, a putrid mouth
(catching breath) and 2 friendly ball lightnings.

Vanquished Creatures
  the Lernaean hydra (Swamp:4)
  Saint Roka (Vaults:1)
  Nikola (Spider:1)
  3 doom hounds (Depths:2)
  Rupert (D:14)
  2 deep elf blademasters (Elf:3)
  Asterion (Vaults:1)
  2 deep elf master archers (Elf:3)
  Kirke (Lair:4)
  A tengu reaver (Vaults:3)
  Roxanne (Spider:2)
  5 deep elf sorcerers
  7 emperor scorpions (Spider:4)
  2 frost giants (Depths:1)
  10 vault wardens
  3 deep elf elementalists (Elf:3)
  5 orc warlords
  8 ghost moths
  A juggernaut zombie (Depths:1)
  A ghoul (Swamp:3)
  19 ironbound preservers
  7 very ugly things
  2 war gargoyles (Vaults:2)
  10 ironbound thunderhulks
  4 stone giants
  4 eleionomae
  A minotaur (Gauntlet)
  5 deep elf demonologists (Elf:3)
  8 spark wasps
  9 bunyips
  8 deep elf annihilators (Elf:3)
  23 dire elephants
  4 entropy weavers
  A crystal guardian (Vaults:3)
  7 deep elf death magi
  The ghost of Bigaod the Fighter, a journeyman DsGl of Ru (Orc:1)
  4 ettins
  A merfolk javelineer (Depths:1)
  The ghost of Deesahac the Severer, a journeyman BaFi of Cheibriados (Lair:3)
  3 fire dragons (Depths:1)
  Josephine (D:12)
  The ghost of AllIsDust the Severer, a journeyman HOBe of Trog (Lair:2)
  10 yaktaur captains
  3 deep elf high priests
  5 great orbs of eyes (Vaults:4)
  5 vault guards
  4 boulder beetles
  2 ice dragons (Depths:1)
  4 rakshasas
  4 peacekeepers
  A jorogumo (Spider:4)
  12 hydras
  8 two-headed ogres
  4 radroaches
  4 catoblepae
  A ghost crab (Gauntlet)
  2 centaur warriors
  5 death yaks (Lair:5)
  7 ironbound frosthearts
  5 alligators
  5 tengu warriors
  21 dancing weapons
  4 orc high priests
  The ghost of Ordine the Nimble, a journeyman FeSu of Gozag (D:11)
  17 deep elf knights
  5 hell knights (Depths:1)
  10 pharaoh ants
  Amaemon (Lair:3)
  5 skeletal warriors (D:13)
  A fire crab (shapeshifter) (D:15)
  12 steelbarb worms
  3 sun moths
  7 spriggan druids
  The ghost of Winsalot the Magician, a novice GnFE of Xom (D:6)
  2 death drakes
  58 deep trolls
  4 goliath frogs
  10 orb spiders
  16 swamp dragons
  A glowing orange brain (shapeshifter) (Elf:2)
  14 ironbound convokers
  5 lindwurms
  7 wizards
  2 obsidian statues
  A phantasmal warrior (Vaults:1)
  A harpy (Vaults:1)
  3 bog bodies
  An iron dragon zombie (Depths:1)
  3 glowing orange brains
  11 wolf spiders
  11 orc knights
  4 necromancers
  7 orc sorcerers
  A tengu skeleton (Vaults:2)
  25 deep elf zephyrmancers
  16 deep elf archers
  33 deep elf pyromancers
  4 cyclopes
  17 ugly things
  3 will-o-the-wisps
  2 stone giant zombies
  6 moths of wrath
  14 elephants (Lair:5)
  6 manticores
  A fire giant skeleton (Depths:1)
  3 black mambas
  Joseph (D:8)
  11 vault sentinels
  3 gargoyles
  An orange demon (Lair:3)
  9 cane toads
  7 torpor snails
  A freezing wraith (Vaults:4)
  2 rime drakes (Lair:3)
  5 tengu conjurers
  A rime drake (shapeshifter) (D:12)
  30 yaktaurs
  2 efreet
  16 demonic crawlers
  6 komodo dragons
  3 meliai (D:15)
  12 trolls
  7 tyrant leeches
  2 bloated husks (Swamp:4)
  Grinder (D:5)
  17 hornets
  34 slime creatures
  16 tarantellas
  9 blink frogs
  A human simulacrum (Vaults:2)
  34 jumping spiders
  21 spriggans
  23 culicivoras
  A spriggan skeleton (Depths:1)
  A wyvern (Lair:1)
  2 air elementals
  10 water elementals
  3 shadows
  2 fire elementals
  50 yaks
  A basilisk (Lair:5)
  A vampire (D:12)
  7 wraiths
  Eustachio (D:4)
  71 redbacks
  A steam dragon (D:7)
  7 hogs (Lair:4)
  8 humans (D:14)
  13 vampire mosquitoes
  22 swamp worms
  7 wargs
  6 acid dragons
  11 water moccasins
  A floating eye (Depths:1)
  6 swamp drakes (Swamp:4)
  A black bear (D:6)
  41 orc warriors
  6 ogres
  A sky beast (D:6)
  5 boggarts (D:15)
  A wolf (Lair:4)
  A human skeleton (Vaults:2)
  9 centaurs
  4 phantoms
  8 bullfrogs
  2 gnoll sergeants
  5 scorpions
  4 necrophages
  5 troll zombies (D:12)
  24 wights
  8 killer bees (D:11)
  6 howler monkeys
  2 electric eels
  A gnoll bouda (D:6)
  5 hounds
  26 orc priests
  2 iguanas
  41 orc wizards
  3 ogre zombies (D:12)
  12 gnolls
  6 adders
  A shadow imp (D:6)
  A white imp (D:5)
  An ufetubus (D:6)
  4 worms
  2 dart slugs
  83 orcs
  4 endoplasms
  15 goblins
  12 hobgoblins
  10 jackals
  3 quokkas
  8 ball pythons
  6 bats
  6 frilled lizards
  2 goblin zombies (D:12)
  A hobgoblin skeleton (D:12)
  A hobgoblin zombie (D:12)
  13 kobolds
  2 orc skeletons (D:12)
  19 orc zombies (D:12)
  7 rats
  A bush (Lair:1)
  A butterfly (Lair:1)
1591 creatures vanquished.

Vanquished Creatures (collateral kills)
  11 ball lightnings
11 creatures vanquished.

Vanquished Creatures (others)
  A bloated husk (Swamp:3)
  An air elemental (Elf:2)
  A culicivora (Spider:1)
  A human (D:14)
  258 ball lightnings
  4 foxfires (Swamp:1)
  610 fulminant prisms
  23 fungi
  78 plants
  2 withered plants (D:6)
979 creatures vanquished.

Grand Total: 2581 creatures vanquished

Notes
Turn   | Place    | Note
-------+----------+-------------------------------------------
     0 | D:1      | KamiKatze the Octopode Conjurer began the quest for the
                  | Orb.
     0 | D:1      | Reached XP level 1. HP: 11/11 MP: 3/3
   124 | D:1      | Reached XP level 2. HP: 5/17 MP: 0/5
   179 | D:1      | Learned a level 2 spell: Searing Ray
   494 | D:1      | Reached XP level 3. HP: 21/21 MP: 3/6
   812 | D:2      | Reached skill level 1 in Translocations
  1113 | D:2      | Reached XP level 4. HP: 27/27 MP: 3/8
  1635 | D:3      | Learned a level 4 spell: Fulminant Prism
  1704 | D:3      | Reached skill level 1 in Hexes
  1803 | D:3      | Noticed a black bear
  1820 | D:3      | Found a faded altar of an unknown god.
  1929 | D:3      | Reached skill level 3 in Spellcasting
  2350 | D:4      | Reached XP level 5. HP: 20/31 MP: 4/9
  2787 | D:4      | Noticed Eustachio
  2799 | D:4      | Killed Eustachio
  2800 | D:4      | Reached XP level 6. HP: 36/36 MP: 1/11
  3095 | D:4      | Reached skill level 4 in Spellcasting
  3312 | D:4      | Learned a level 4 spell: Iskenderun's Mystic Blast
  3510 | D:4      | Reached XP level 7. HP: 37/41 MP: 8/13
  3648 | D:5      | Entered Level 5 of the Dungeon
  3822 | D:5      | Reached skill level 5 in Conjurations
  4269 | D:5      | Found a snail-covered altar of Cheibriados.
  4425 | D:5      | Noticed Grinder
  4434 | D:5      | Killed Grinder
  4435 | D:5      | Reached skill level 5 in Spellcasting
  4435 | D:5      | Reached skill level 1 in Evocations
  4435 | D:5      | Reached XP level 8. HP: 26/46 MP: 5/15
  4803 | D:6      | Found a large runed translucent door.
  4806 | D:6      | Found a large runed translucent door.
  4891 | D:6      | Found a blossoming altar of Fedhas.
  4921 | D:6      | Found a hazy altar of Hepliaklqana.
  5194 | D:6      | Reached skill level 6 in Spellcasting
  5230 | D:6      | Found a runed translucent door.
  5230 | D:6      | Noticed Winsalot's ghost (novice GnFE)
  5607 | D:7      | Noticed a hornet
  5785 | D:6      | Found a hide-covered altar of Uskayaw.
  5792 | D:6      | Found a shimmering blue altar of Sif Muna.
  5830 | D:7      | Reached XP level 9. HP: 51/51 MP: 13/18
  5858 | D:7      | Noticed a two-headed ogre
  5931 | D:7      | Reached skill level 5 in Translocations
  5934 | D:7      | Killed a hornet
  5935 | D:7      | Reached skill level 7 in Spellcasting
  5935 | D:7      | Reached skill level 5 in Hexes
  6583 | D:7      | Killed a two-headed ogre
  6584 | D:7      | Reached XP level 10. HP: 56/56 MP: 13/21
  6645 | D:7      | Found a staircase to the Ecumenical Temple.
  6704 | Temple   | Entered the Ecumenical Temple
  6789 | Temple   | Became a worshipper of Vehumet
  6876 | D:7      | Reached skill level 8 in Spellcasting
  7177 | D:8      | Found a flagged portal.
  7187 | Bailey   | Entered a bailey
  7258 | Bailey   | Noticed an orc warlord
  7395 | Bailey   | Reached skill level 1 in Shields
  7909 | Bailey   | Found a runed translucent gate.
  7910 | Bailey   | Found a runed translucent gate.
  8009 | Bailey   | Found a runed translucent gate.
  8303 | Bailey   | Identified the +6 flail "Gateruze" {holy, Will++}
  8333 | Bailey   | Reached skill level 5 in Dodging
  8333 | Bailey   | Reached skill level 9 in Spellcasting
  8333 | Bailey   | Reached XP level 11. HP: 70/70 MP: 22/24
  8389 | Bailey   | Killed an orc warlord
  8834 | D:8      | Noticed Joseph
  8868 | D:8      | Learned a level 3 spell: Mephitic Cloud
  8953 | D:8      | Noticed a cyclops
  8959 | D:8      | Killed a cyclops
  8960 | D:8      | Reached skill level 1 in Poison Magic
  9014 | D:8      | Reached * piety under Vehumet
  9014 | D:8      | Offered knowledge of Foxfire by Vehumet.
  9200 | D:8      | Killed Joseph
  9201 | D:8      | Reached skill level 1 in Air Magic
  9347 | D:8      | Found a staircase to the Lair.
  9700 | D:8      | Identified the +11 trident "Vyghuak" {protect, rPois rF-
                  | Will+ Int+5}
  9730 | D:8      | Found a stormy altar of Qazlal.
  9991 | D:9      | Reached ** piety under Vehumet
  9991 | D:9      | Offered knowledge of Scorch by Vehumet.
 10448 | D:9      | Found an iron altar of Okawaru.
 10633 | D:10     | Entered Level 10 of the Dungeon
 10660 | D:10     | Noticed a two-headed ogre
 10669 | D:10     | Killed a two-headed ogre
 10673 | D:10     | Reached skill level 10 in Spellcasting
 10679 | D:10     | Reached XP level 12. HP: 75/75 MP: 13/26
 10679 | D:10     | Noticed a two-headed ogre
 10960 | D:10     | Noticed a two-headed ogre
 11127 | D:10     | Killed a two-headed ogre
 11140 | D:10     | Reached skill level 5 in Shields
 11279 | D:10     | Found a bloodstained altar of Trog.
 11379 | D:10     | Found Qetis's Antique Weapon Emporium.
 11424 | D:10     | Killed a two-headed ogre
 11738 | D:10     | Reached skill level 5 in Fighting
 11916 | D:10     | Noticed a two-headed ogre
 11922 | D:10     | Killed a two-headed ogre
 12214 | D:11     | Offered knowledge of Stone Arrow by Vehumet.
 12325 | D:11     | Noticed a two-headed ogre
 12331 | D:11     | Killed a two-headed ogre
 12394 | D:11     | Found a transporter.
 12401 | D:11     | Found a transporter.
 12407 | D:11     | Noticed Ordine's ghost (journeyman FeSu)
 12643 | D:11     | Reached *** piety under Vehumet
 13043 | Lair:1   | Entered Level 1 of the Lair of Beasts
 13097 | Lair:1   | Offered knowledge of Hailstorm by Vehumet.
 13288 | Lair:1   | Reached skill level 11 in Spellcasting
 13418 | Lair:1   | Noticed a catoblepas
 13422 | Lair:1   | Reached **** piety under Vehumet
 13423 | Lair:1   | Reached XP level 13. HP: 83/83 MP: 22/28
 13792 | Lair:2   | Offered knowledge of Fireball by Vehumet.
 13935 | Lair:2   | Found a hole to the Spider Nest.
 14106 | Lair:2   | Reached skill level 10 in Stealth
 14172 | Lair:2   | Found a staircase to the Swamp.
 14343 | Lair:2   | Found a glowing golden altar of the Shining One.
 14429 | Lair:2   | Found a runed translucent door.
 14437 | Lair:2   | Noticed AllIsDust's ghost (journeyman HOBe)
 14765 | Lair:3   | Learned a level 5 spell: Fireball
 14824 | Lair:3   | Noticed Amaemon
 14834 | Lair:3   | Killed Amaemon
 14835 | Lair:3   | Reached skill level 1 in Fire Magic
 15035 | Lair:3   | Found a large runed translucent door.
 15036 | Lair:3   | Found a large runed translucent door.
 15049 | Lair:3   | Noticed Deesahac's ghost (journeyman BaFi)
 15410 | Lair:4   | Noticed Kirke
 15425 | Lair:4   | Killed Kirke
 15493 | Lair:4   | Found a staircase to the Slime Pits.
 15509 | Lair:4   | Found a viscous altar of Jiyva.
 15611 | Lair:4   | Reached ***** piety under Vehumet
 15645 | Lair:4   | Offered knowledge of Irradiate by Vehumet.
 16210 | Lair:5   | Entered Level 5 of the Lair of Beasts
 16391 | Lair:5   | Learned a level 5 spell: Irradiate
 16544 | Lair:5   | Reached XP level 14. HP: 90/90 MP: 24/29
 16553 | Lair:5   | Reached skill level 1 in Transmutations
 16697 | Lair:5   | Reached skill level 12 in Spellcasting
 17952 | D:12     | Noticed Josephine
 17956 | D:12     | Reached skill level 5 in Fire Magic
 17956 | D:12     | Killed Josephine
 18300 | D:12     | Found a staircase to the Orcish Mines.
 18468 | D:12     | Offered knowledge of Iskenderun's Battlesphere by Vehumet.
 18684 | Orc:1    | Entered Level 1 of the Orcish Mines
 18684 | Orc:1    | Found a runed translucent door.
 18690 | Orc:1    | Noticed Bigaod's ghost (journeyman DsGl)
 19065 | Orc:2    | Entered Level 2 of the Orcish Mines
 19065 | Orc:2    | Found Weagam's Assorted Antiques.
 19073 | Orc:2    | Reached skill level 10 in Conjurations
 19086 | Orc:2    | Noticed an orc warlord
 19168 | Orc:2    | Identified the +2 chain mail of Caustic Amelioration
                  | {Stlth+}
 19342 | Orc:2    | Found a staircase to the Elven Halls.
 19385 | Orc:2    | Killed an orc warlord
 19400 | Orc:2    | Reached XP level 15. HP: 79/97 MP: 9/31
 19726 | Orc:2    | Reached skill level 13 in Spellcasting
 19789 | Orc:2    | Bought a smoky amethyst potion for 29 gold pieces
 19789 | Orc:2    | Bought a wooden ring for 165 gold pieces
 19917 | Orc:2    | Noticed an orc warlord
 19936 | Orc:2    | Killed an orc warlord
 20088 | Orc:2    | Offered knowledge of Starburst by Vehumet.
 20113 | Orc:2    | Found Goorr's Antique Weapon Emporium.
 20113 | Orc:2    | Found Evy Mecs's Armour Emporium.
 20114 | Orc:2    | Found Buha's Assorted Antiques.
 20118 | Orc:2    | Found Kieq's Magic Scroll Shoppe.
 21103 | D:14     | Found a broken altar of Ashenzari.
 21114 | D:14     | Learned a level 6 spell: Starburst
 21334 | D:14     | Noticed Rupert
 21347 | D:14     | Killed Rupert
 21943 | D:14     | Found a gate to the Vaults.
 21949 | D:14     | Identified the +5 plate armour "Kichoacs" {rElec Int+4
                  | Dex+3}
 22089 | D:15     | Entered Level 15 of the Dungeon
 22156 | D:15     | Found a gate leading to a gauntlet.
 22169 | Gauntlet | Entered a Gauntlet
 22169 | Gauntlet | Found a transporter.
 22179 | Gauntlet | Found a runed translucent door.
 22181 | Gauntlet | Found a transporter.
 22183 | Gauntlet | Found a runed translucent door.
 22193 | Gauntlet | Found a transporter.
 22197 | Gauntlet | Found a transporter.
 22212 | Gauntlet | Found a transporter.
 22230 | Gauntlet | Found a transporter.
 22233 | Gauntlet | Found a transporter.
 22255 | Gauntlet | Found a transporter.
 22257 | Gauntlet | Found a runed translucent door.
 22264 | Gauntlet | Found a transporter.
 22268 | Gauntlet | Found a transporter.
 22291 | Gauntlet | Found a transporter.
 22307 | Gauntlet | Found a transporter.
 22378 | Gauntlet | Identified the +2 hat of Puimasy {Rampage}
 22471 | Gauntlet | Identified the +1 ice dragon scales "Cozesusm" {*Corrode
                  | +Blink rElec rF- rC++ Will-}
 22523 | Gauntlet | Identified the +4 ring mail "Cisk" {rCorr Str+2}
 22523 | Gauntlet | Identified the +3 buckler "Jurr" {Will+}
 22875 | D:15     | Reached skill level 10 in Translocations
 22883 | D:15     | Learned a level 5 spell: Lee's Rapid Deconstruction
 23308 | D:15     | Reached skill level 10 in Hexes
 23311 | D:15     | Reached skill level 1 in Earth Magic
 23311 | D:15     | Reached XP level 16. HP: 78/105 MP: 26/33
 23360 | D:15     | Found a staircase to the Depths.
 23502 | D:15     | Reached ****** piety under Vehumet
 24091 | Swamp:1  | Entered Level 1 of the Swamp
 24418 | Orc:2    | Bought a scroll of identify for 62 gold pieces
 24438 | Orc:2    | Bought a scroll of identify for 66 gold pieces
 24438 | Orc:2    | Bought a scroll of identify for 66 gold pieces
 24438 | Orc:2    | Bought a scroll of identify for 66 gold pieces
 24465 | Orc:2    | Bought a slimy short sword for 248 gold pieces
 24465 | Orc:2    | Identified the +6 short sword of Courage {freeze, Will+
                  | Str+8 Int+5} (You bought it in a shop on level 2 of the
                  | Orcish Mines)
 24630 | D:6      | Killed Winsalot's ghost
 24842 | D:11     | Reached skill level 14 in Spellcasting
 24857 | D:11     | Killed Ordine's ghost
 25017 | Orc:1    | Killed Bigaod's ghost
 25222 | Lair:2   | Killed AllIsDust's ghost
 25321 | Lair:3   | Killed Deesahac's ghost
 26392 | Swamp:2  | Offered knowledge of Iron Shot by Vehumet.
 26431 | Swamp:1  | Learned a level 6 spell: Iron Shot
 26855 | Swamp:2  | You fall into a shaft and drop 1 floor!
 27196 | Swamp:2  | Reached skill level 15 in Spellcasting
 27196 | Swamp:2  | Reached XP level 17. HP: 112/112 MP: 34/36
 27289 | Swamp:3  | Reached skill level 5 in Earth Magic
 27972 | Swamp:4  | Entered Level 4 of the Swamp
 28923 | Swamp:4  | Noticed the 27-headed Lernaean hydra
 28949 | Swamp:4  | Got a decaying rune of Zot
 29436 | Vaults:1 | Entered Level 1 of the Vaults
 29553 | Vaults:1 | Identified the +5 halberd "Cewenl Esoal" {flame, rN+ Dex+2}
 29802 | Vaults:1 | Found Niaghaoff's General Store.
 29820 | Vaults:1 | HP: 5/113 [dire elephant (8)]
 30224 | Vaults:1 | Offered knowledge of Conjure Ball Lightning by Vehumet.
 30244 | Vaults:1 | Learned a level 6 spell: Conjure Ball Lightning
 30453 | Vaults:1 | Reached skill level 16 in Spellcasting
 30834 | Vaults:1 | Reached skill level 10 in Dodging
 30841 | Vaults:1 | Reached XP level 18. HP: 77/119 MP: 18/38
 30936 | Vaults:1 | Found Xuacwibb's Weapon Shoppe.
 31061 | Vaults:1 | Noticed Saint Roka
 31560 | Vaults:1 | Killed Saint Roka
 32651 | Vaults:1 | Identified the +7 war axe of the Elven Halls {drain, rPois}
 32669 | Vaults:1 | Noticed Asterion
 32672 | Vaults:1 | Killed Asterion
 33120 | Vaults:2 | Reached skill level 10 in Fighting
 33135 | Vaults:2 | Reached skill level 5 in Air Magic
 33789 | Vaults:2 | Offered knowledge of Yara's Violent Unravelling by Vehumet.
 34769 | Vaults:3 | Reached skill level 17 in Spellcasting
 34973 | Vaults:3 | Found a staircase to the Crypt.
 34973 | Vaults:3 | Found a basalt altar of Yredelemnul.
 34974 | Vaults:3 | Found an ancient bone altar of Kikubaaqudgha.
 35029 | Vaults:3 | Found Cuist's Weapon Boutique.
 35034 | Vaults:3 | Reached XP level 19. HP: 127/127 MP: 40/40
 35247 | Vaults:3 | Offered knowledge of Ignition by Vehumet.
 37883 | Vaults:4 | Offered knowledge of Lehudib's Crystal Spear by Vehumet.
 37883 | Vaults:4 | Offered knowledge of Ignition by Vehumet.
 38756 | Vaults:4 | Reached XP level 20. HP: 114/135 MP: 41/41
 38866 | Vaults:4 | Reached skill level 18 in Spellcasting
 39311 | Vaults:4 | Found a portal to a secret trove of treasure.
 39513 | Vaults:4 | Found Tiataj's Weapon Boutique.
 39861 | D:14     | Learned a level 8 spell: Maxwell's Capacitive Coupling
 39959 | Elf:1    | Entered Level 1 of the Elven Halls
 40166 | Elf:1    | Reached skill level 10 in Earth Magic
 40398 | Elf:1    | Paralysed by an air elemental for 1 turns
 40580 | Elf:1    | Reached skill level 10 in Air Magic
 42664 | Elf:2    | Found a runed translucent gate.
 42664 | Elf:2    | Found a runed translucent gate.
 42664 | Elf:2    | Found a runed translucent gate.
 42777 | Elf:3    | Entered Level 3 of the Elven Halls
 43005 | Elf:3    | Reached skill level 15 in Conjurations
 43075 | Elf:3    | Found a runed translucent gate.
 43075 | Elf:3    | Found a runed translucent gate.
 43075 | Elf:3    | Found a runed translucent gate.
 43076 | Elf:3    | Found a viscous altar of Jiyva.
 43076 | Elf:3    | Noticed kwasso's ghost (adept VSFi)
 43095 | Elf:3    | Reached skill level 19 in Spellcasting
 43131 | Elf:3    | Reached XP level 21. HP: 116/143 MP: 26/44
 43709 | Elf:3    | Found an ancient bone altar of Kikubaaqudgha.
 43762 | Elf:3    | Identified the ring "Isymoavo" {rPois Will+ Dex+3}
 43844 | Elf:3    | Found Luelu's Weapon Emporium.
 44004 | Elf:3    | Identified the +5 great mace of the Valley of Death
                  | {antimagic, Int-2 Dex+5}
 44004 | Elf:3    | Identified the ring "Losial" {rPois rCorr Dex+4}
 44627 | Elf:3    | Identified the ring of Ucsiadd {Will+ MP+9 Str-4 Dex+4
                  | Slay+3}
 44707 | Elf:3    | Got the Monograph on Excruciating Vitiation
 45055 | D:10     | Identified the +1 scale mail of Daffodils {rElec rC- Int+8
                  | Dex-5}
 45554 | Swamp:4  | Killed the 27-headed Lernaean hydra
 45715 | Spider:1 | Entered Level 1 of the Spider Nest
 45745 | Spider:1 | Noticed Nikola
 46109 | Spider:1 | Killed Nikola
 47569 | Spider:2 | You fall into a shaft and drop 1 floor!
 47944 | Spider:3 | Found a runed translucent door.
 47945 | Spider:3 | Noticed iishen's ghost (adept CeHu)
 48070 | Spider:2 | Noticed Roxanne
 48073 | Spider:2 | Killed Roxanne
 48346 | Spider:3 | Reached skill level 20 in Spellcasting
 48609 | Spider:3 | Learned a level 9 spell: Chain Lightning
 49238 | Spider:3 | Identified the +1 scale mail of Squeaky Liberty {Will+
                  | MP+9}
 49394 | Spider:4 | Entered Level 4 of the Spider Nest
 50151 | Spider:4 | Reached XP level 22. HP: 43/148 MP: 46/46
 51307 | Spider:4 | Identified the +8 scale mail of Immorality {Harm rC+}
 51390 | Spider:4 | Identified the +1 plate armour of Jiepi {Int+3 Stlth+}
 52228 | Spider:4 | Reached XP level 23. HP: 153/153 MP: 47/47
 52231 | Spider:4 | Got a gossamer rune of Zot
 52950 | Depths:1 | Entered Level 1 of the Depths
 54143 | Depths:1 | Found a gateway to Hell.
 54229 | Depths:1 | Identified the +6 war axe of Moral Flaws {flame, rElec
                  | Str+8 Int-2 Dex-2}
 54234 | Depths:1 | Found Lauseoh's Armour Shop.
 54721 | Depths:2 | Noticed Grunn
 54727 | Depths:2 | Reached skill level 21 in Spellcasting
 54739 | Depths:1 | Killed by an exploding ball lightning

Illustrated notes

Levels and vault maps discovered:
D:1:      scummos_arrival_simple_fountains, layout_rooms, minmay_misc_feat_room,
          minmay_misc_feat_chi
D:2:      layout_loops_ring
D:3:      layout_basic, shapermc_ecumenical_altar_mp_ritualfount
D:4:      layout_loops_cross, uniq_eustachio
D:5:      layout_rooms, cheibriados_altar_1, serial_bayou, serial_bayou_pond_e,
          serial_bayou_lagoon_b, serial_bayou_pond_c, serial_bayou_ford_a,
          serial_bayou_shore_b, serial_bayou_pond_e, nrook_campfire,
          hangedman_abyss_or_decor_jellyfish_corner, minmay_misc_feat_diagonals,
          uniq_grinder
D:6:      layout_loops_ring, jmf_multi_god_temple2,
          mainiacjoe_overflow_two_lobes, gammafunk_ghost_grave
D:7:      layout_basic, minmay_temple_entry_statues, serial_rivers,
          chequers_serial_rivers_room_b, chequers_serial_rivers_room_a,
          chequers_serial_rivers_small_b, chequers_serial_rivers_micro_d,
          chequers_serial_rivers_small_b
D:8:      kennysheep_big_flooded_room, layout_loops_cross,
          nicolae_qazlal_scattered_showers, dpeg_oklobed_lair, enter_bailey_2,
          uniq_joseph
D:9:      layout_cave_pools, kennysheep_okawaru_gauntlet
D:10:     layout_basic, trog_antimagical, serial_shops, shop,
          minmay_protected_statue
D:11:     layout_loops_ring, nzn_ghost_randoct, eino_jars
D:12:     layout_roguey, zombieorc2_lemuel, uniq_josephine
D:13:     layout_roguey
D:14:     layout_roguey, ximxim_vaults_locker_room, ashenzari_altar_1,
          drop_trap, uniq_rupert
D:15:     hangedman_depths_entry_civil_slaughter, layout_grid_maze,
          gauntlet_entry_generic
Temple:   nicolae_temple_superstar
Lair:1:   layout_hall_layers, st_stairs_13, lemuel_fruit_fields,
          lemuel_fruit_fields
Lair:2:   layout_regular_city, swamp_mist, spider_nest_entry_a,
          ebering_ghost_reflecting_pool, lemuel_centaur_altar,
          serial_bayou_shore_a, grunt_megastairs_2
Lair:3:   layout_gridlike, ebering_ghost_disaster_area, minivault_26,
          uniq_amaemon
Lair:4:   wad_woods_pond, layout_misc_corridors, slime_entry_1, uniq_kirke
Lair:5:   evilmike_catoblepas_cave, layout_cave_pods
Swamp:1:  layout_falls_marsh, portal_ice_cave_entry_pillars_four,
          evilmike_swamp_ruin_rubble_2, infiniplex_staircase_pool
Swamp:2:  layout_falls_marsh, nicolae_swamp_round_clearing
Swamp:3:  layout_basic_swamp, hangedman_swamp_ruin_wall
Swamp:4:  swamp_old_school, layout_basic_swamp
Spider:1: layout_spider_delve, drop_trap, hangedman_spider_tarantella_strand,
          uniq_nikola
Spider:2: layout_cave_pods, spiders_nest_hornet_nest, uniq_roxanne
Spider:3: layout_cave_pods, gammafunk_ghost_grave, drop_trap,
          nicolae_spider_jagged_tunnels
Spider:4: grunt_spider_rune_circles, worms_lemuel
Orc:1:    layout_caves, ebering_ghost_inner_flame, basic_altar,
          lemuel_statue_altar
Orc:2:    st_orc_mages, layout_caves, serial_shops, nicolae_shop_trees,
          basic_altar, elf_legates
Elf:1:    eino_elf_arrival_sip, layout_gridlike, minivault_28,
          dreamdust_wishing_well
Elf:2:    elven_hall_of_blades_hangedman_original
          [nicolae_blade_entry_diamond_columns], layout_geoelf_grid, uniq_zenata
Elf:3:    grunt_elf_hall_asides, layout_gridlike, gammafunk_ghost_ooze,
          basic_altar, serial_shops, shop, st_stairs_11
Vaults:1: hangedman_vaults_stitches, vaults_room_mumra_shop_pool,
          vaults_dpeg_doors, grunt_vaults_hallway_short, v_misc_32,
          nicolae_vaults_little_squares_2, hangedman_vaults_nails,
          nicolae_vaults_asterisk, hangedman_vaults_restitches,
          hangedman_vaults_stagger, ontoclasm_vaults_chip,
          ontoclasm_vaults_bender, nicolae_vaults_little_squares_4, v_misc_17,
          nicolae_vaults_shelves_hall, ontoclasm_vaults_fault,
          vaults_room_stairs_pillars, layout_vaults_omnicross, serial_shops,
          nicolae_shop_behind_doors, uniq_saint_roka, uniq_asterion
Vaults:2: v_pattern_4, hangedman_vaults_cutoff, hangedman_vaults_slither,
          hangedman_vaults_slice, v_misc_28, hangedman_vaults_capsules,
          nicolae_vaults_bisected_slash, ontoclasm_vaults_gateway,
          vaults_dpeg_emergency_exit, layout_vaults_chaotic_city
Vaults:3: minmay_crypt_entry_necro_gods,
          vaults_standard_mumra_enter_the_diamond, st_cells, v_misc_9,
          ontoclasm_vaults_shuriken, v_misc_12, v_rooms_1,
          nicolae_vaults_what_the_h, ontoclasm_vaults_ring_small, v_misc_13,
          layout_vaults_omnigrid, serial_shops, shop
Vaults:4: ontoclasm_vaults_pinch, vaults_dpeg_hooks, nicolae_vaults_rhombus_5,
          nicolae_vaults_diagonal_hallway_6, v_rooms_2,
          nicolae_vaults_network_square, vaults_room_large_hall,
          hangedman_vaults_nodes, v_pattern_2, v_misc_15, v_misc_31,
          ontoclasm_vaults_shout, nicolae_vaults_yaktaur_gun_rack,
          vaults_dpeg_diagonal, layout_vaults_ring, serial_shops,
          nicolae_shop_window_shopping, nicolae_trove_entry_crossroad
Depths:1: layout_cave_pools, moated_statue, grunt_metal_band,
          minmay_fountain_box, nicolae_inconvenience_store, firewood_loft,
          serial_bayou_shore_b, serial_bayou_shore_b
Depths:2: kennysheep_blocky_room, layout_cave_shapes, hell_entry,
          minmay_misc_feat_columns, special_room [special_room_morgue],
          grunt_pan_entry_sceptre, serial_bayou_crossing,
          infiniplex_staircase_pool_2, uniq_grunn

Skill      XL: |  1  2  3  4  5  6  7  8  9 10 11 12 13 14 15 16 17 18 19 20 21 22 23 |
---------------+----------------------------------------------------------------------+-----
Stealth        | 3 4 8 9 10 11 12 | 12.0
Translocations | 1 2 3 4 5 6 7 8 9 10 | 10.0
Hexes          | 1 2 3 4 5 6 7 8 9 10 | 10.0
Spellcasting   | 3 4 5 6 7 9 10 11 12 13 15 16 17 19 20 21 | 21.0
Dodging        | 3 5 6 7 8 9 10 | 10.0
Conjurations   | 5 6 7 8 9 10 11 12 13 14 15 | 15.0
Evocations     | 1 2 |  2.0
Shields        | 4 5 |  5.0
Fighting       | 4 6 7 8 9 10 11 12 | 12.0
Poison Magic   | 3 |  3.0
Air Magic      | 3 6 9 10 12 13 14 | 14.4
Fire Magic     | 3 5 6 8 9 |  9.0
Transmutations | 3 |  3.0
Earth Magic    | 1 4 7 8 9 10 12 13 14 | 14.5

Action                   |  1- 3 |  4- 6 |  7- 9 | 10-12 | 13-15 | 16-18 | 19-21 | 22-24 || total
-------------------------+-------+-------+-------+-------+-------+-------+-------+-------++-------
Melee: Dagger            |    18 |    10 |       |       |       |       |       |       ||    28
       Constrict         |     5 |     1 |     2 |       |     4 |       |       |       ||    12
       Tentacles         |     5 |     1 |     2 |       |     1 |     1 |     2 |       ||    12
       Club              |     1 |       |       |       |       |       |       |       ||     1
       Staff             |       |     3 |     4 |     3 |     9 |     1 |     2 |       ||    22
       Flail             |       |       |       |       |     1 |       |       |       ||     1
Throw: Dart              |       |       |       |     4 |       |       |       |       ||     4
 Cast: Magic Dart        |    45 |    64 |    27 |    52 |     4 |     2 |       |     2 ||   196
       Searing Ray       |     3 |    11 |    30 |    15 |    11 |     1 |       |       ||    71
       Fulminant Prism   |       |       |    17 |   121 |   265 |   152 |    51 |     4 ||   610
       Iskenderun's Myst |       |       |     4 |    60 |   121 |   183 |   175 |   111 ||   654
       Mephitic Cloud    |       |       |       |     3 |     1 |       |       |       ||     4
       Fireball          |       |       |       |       |    69 |   119 |   136 |    31 ||   355
       Irradiate         |       |       |       |       |     6 |     2 |       |       ||     8
       Lee's Rapid Decon |       |       |       |       |     7 |    42 |    66 |     8 ||   123
       Iron Shot         |       |       |       |       |       |    64 |   102 |    19 ||   185
       Conjure Ball Ligh |       |       |       |       |       |    11 |    74 |    29 ||   114
       Maxwell's Capacit |       |       |       |       |       |       |     8 |     7 ||    15
       Starburst         |       |       |       |       |       |       |     1 |       ||     1
       Chain Lightning   |       |       |       |       |       |       |       |     1 ||     1
Evoke: Wand              |       |       |       |     1 |       |     1 |       |       ||     2
  Use: Scroll            |       |    10 |     5 |     6 |     6 |    10 |     1 |     2 ||    40
       Potion            |       |       |       |     1 |     3 |     5 |       |     5 ||    14
 Stab: Sleeping          |     3 |     4 |       |       |       |       |       |       ||     7
Armor: Skin              |     2 |     2 |       |     1 |     6 |     6 |     7 |     2 ||    26
Dodge: Dodged            |    11 |    18 |     8 |    30 |    34 |    38 |   100 |    52 ||   291
Block: Other             |     2 |     4 |     6 |     1 |       |       |       |       ||    13
       Buckler           |       |       |       |    18 |     7 |    24 |    31 |    21 ||   101
       Reflection        |       |       |       |     2 |       |       |       |       ||     2
